 Dungeon Crawl Stone Soup version 0.25.1-2-g60ff931df9 (webtiles) character file.

Game seed: 2174189329261092134

51 Phantomfrettchen the Skirmisher (level 3, -2/29 HPs)
             Began as a Demonspawn Chaos Knight on Aug 1, 2020.
             Was a Plaything of Xom.
             Slain by an adder (5 damage)
             ... on level 2 of the Dungeon.
             The game lasted 00:04:27 (1794 turns).

Phantomfrettchen the Skirmisher (DsCK)              Turns: 1794, Time: 00:04:28

Health: -2/29      AC:  5    Str: 12    XL:     3   Next: 58%
Magic:  3/3        EV: 11    Int: 13    God:    Xom [..*...]
Gold:   73         SH:  0    Dex: 13    Spells: 2/2 levels left

rFire    . . .     SeeInvis .     - Unarmed
rCold    . . .     Gourm    .   (no shield)
rNeg     . . .     Faith    .   a - +2 leather armour
rPois    .         Spirit   .   (no helmet)
rElec    .         Reflect  .   (no cloak)
rCorr    .         Harm     .   (no gloves)
MR       .....                  (no boots)
Stlth    ++........             (no amulet)
HPRegen  0.09/turn              (no ring)
MPRegen  0.08/turn              (no ring)

@: lethally poisoned (-2 -> -6)
A: demonic guardian 1, nightstalker 1
a: Renounce Religion


You were on level 2 of the Dungeon.
You worshipped Xom.
You were a toy of Xom.
You were not hungry.

You visited 1 branch of the dungeon, and saw 2 of its levels.

You collected 73 gold pieces.

Inventory:

Missiles
 h - 83 stones (quivered)
 m - 23 sling bullets
 r - 12 poisoned darts
Armour
 a - a +2 leather armour (worn)
 c - a +0 plate armour
Wands
 o - a wand of polymorph (5)
Scrolls
 e - 2 scrolls of amnesia {unknown}
 f - a scroll of fog {unknown}
 g - a scroll of magic mapping {unknown}
 i - a scroll of blinking {unknown}
 k - 3 scrolls of identify {unknown}
 p - a scroll of noise {unknown}
 q - a scroll of teleportation {unknown}
Potions
 d - a potion of flight {unknown}
 j - a potion of brilliance {unknown}
 l - 3 potions of curing
 n - a potion of stabbing {unknown}
 t - a potion of berserk rage {unknown}
Comestibles
 b - 5 rations
 s - a chunk of flesh


   Skills:
 + Level 3.5 Fighting
 + Level 2.4 Armour
 + Level 1.3 Dodging
 + Level 3.2 Unarmed Combat


You had 2 spell levels left.
You didn't know any spells.
Your spell library was empty.

Dungeon Overview and Level Annotations

Branches:
Dungeon (2/15)

Altars:
Gozag


Innate Abilities, Weirdness & Mutations

A weak demonic guardian rushes to your aid.
You are slightly more attuned to the shadows.


Message History

You are more poisoned.
The adder poisons you!
You miss the adder.
The adder is moderately wounded.
You feel sick. The adder bites you but does no damage. The adder misses you.
You miss the adder.
The adder is lightly wounded.
The adder completely misses you.
You hit the adder.
The adder is moderately wounded.
You feel sick. The adder closely misses you.
You barely miss the adder.
The adder is moderately wounded.
The adder bites you but does no damage.
You closely miss the adder.
The adder is moderately wounded.
You feel sick. The adder bites you.
* * * LOW HITPOINT WARNING * * *
The adder bites you.
You die...

.######..#####..<................
.# #..# #.#.###.############
.######..### #.#.# #.#
...........###.#.# #.#
.######........#.# #.# .#
#.##.#####.# #.# .# #.##.# #.#
#.# .# #.##.#####S# .#
#.........@# .# ####.####### ##
#... ##### ..# # # #.# #.# ##.##
##.## ##>..## #####...## ##.....#
#....# #.###.......


You could see an adder.

Vanquished Creatures
  2 adders (D:2)
  2 dart slugs (D:1)
  A leopard gecko (D:1)
  4 goblins
  3 hobgoblins (D:1)
  6 jackals
  6 kobolds
  A bat (D:1)
  2 rats (D:1)
27 creatures vanquished.

Notes
Turn   | Place    | Note
-------+----------+-------------------------------------------
     0 | D:1      | Phantomfrettchen the Demonspawn Chaos Knight began the
                  | quest for the Orb.
     0 | D:1      | Reached XP level 1. HP: 18/18 MP: 1/1
   176 | D:1      | XOM: silly message
   509 | D:1      | Reached skill level 1 in Dodging
   509 | D:1      | Gained mutation: A weak demonic guardian rushes to your
                  | aid. [demonic ancestry]
   509 | D:1      | Reached XP level 2. HP: 7/24 MP: 2/2
   769 | D:1      | XOM: silly message
   773 | D:1      | XOM: divination: detect items
  1330 | D:2      | Gained mutation: You are slightly more attuned to the
                  | shadows. [demonic ancestry]
  1330 | D:2      | Reached XP level 3. HP: 20/29 MP: 3/3
  1615 | D:2      | Found an opulent altar of Gozag.
  1794 | D:2      | Slain by an adder

Illustrated notes

Levels and vault maps discovered:
D:1:      co_arrival_random_square_maze, layout_rooms, kennysheep_doodads
D:2:      layout_loops_ring, lemuel_doored_altar

Skill      XL: |  1  2 |
---------------+-------+-----
Armour         | 2 |  2.4
Dodging        | 1 |  1.3
Unarmed Combat | 3 |  3.2
Fighting       | |  3.5

Action                   || total
-------------------------++-------
Melee: Unarmed           ||   162
       Punch             ||     3
  Use: Potion            ||     2
 Stab: Sleeping          ||     1
  Eat: Chunk             ||     3
Armor: Leather armour    ||    47
       Skin              ||     4
Dodge: Dodged            ||   103
